AoeStats
← JamesRyan18769

Arabia

510872164Analyzed
2v2 RM · 6h ago on Oct 2, 2026· 24m 25s· 4 players
Game mode
Random Map
Map size
Medium (4 player)
Population
200
Speed
Normal
Resources
Standard
Victory
Conquest
Starting age
Dark Age
Ending age
Imperial Age
RankedLock teamsTeams togetherTeam positionsShared explorationLock speedFull tech treeHidden civsTurbo modeCheats
Victory
Defeat
🇺🇸 Armenians · United States
943
+9
🇺🇸 Japanese · United States
713
+19
🇦🇹 Celts · Austria
776
-14
🇦🇹 Cumans · Austria
775
-14
JamesRyan18769
3:35 Loom
3:48 Loom
9:53 Feudal Age
10:38 Double-Bit Axe
10:38 Horse Collar
12:08 Man-at-Arms
17:16 Scale Mail Armor
17:35 Forging
18:43 Scale Mail Armor
24:50 Wheelbarrow
24:01 Town Watch
Packelwudding
2:19 Loom
10:28 Feudal Age
11:10 Double-Bit Axe
12:06 Wheelbarrow
11:19 Horse Collar
21:39 Man-at-Arms
24:08 Gold Mining
.RamroD.
8:00 Loom
10:23 Feudal Age
11:17 Man-at-Arms
13:22 Arson
14:42 Double-Bit Axe
15:22 Forging
15:13 Scale Mail Armor
17:22 Horse Collar
24:41 Castle Age
23:01 Stone Mining
24:48 Gold Mining
BarracksObama
6:09 Loom
10:21 Feudal Age
12:07 Man-at-Arms
13:19 Long Swordsman
16:50 Double-Bit Axe
Connection lost

Rejoining the realm…

Still unreachable

The connection could not be restored.

Session expired

The server has moved on; the page needs a fresh start.